 Dungeon Crawl Stone Soup version 0.31.0-12-g77e489cdc1 (webtiles) character file.

Game seed: 9662816435656377121

429 Sanktem7 the Chopper (level 6, -1/56 HPs)
             Began as a Minotaur Fighter on Feb 27, 2024.
             Slain by a crocodile (6 damage)
             ... in a sewer.
             The game lasted 00:04:17 (2762 turns).

Sanktem7 the Chopper (Minotaur Fighter)             Turns: 2762, Time: 00:04:18

Health: -1/56      AC:  8    Str: 23    XL:     6   Next: 66%
Magic:  5/5        EV:  9    Int:  5    God:
Gold:   221        SH:  4    Dex:  9    Spells: 5/5 levels left

rFire   . . .        a - +0 war axe
rCold   . . .        c - +0 buckler
rNeg    . . .        b - +0 scale mail
rPois   .            f - +0 hat
rElec   .            k - +0 cloak
rCorr   .            (no gloves)
SInv    +            (no boots)
Will    .....        (no amulet) Stlth
                     e - ring of see invisible
HPRegen 0.29/turn    (no ring)
MPRegen 0.09/turn

%: no passive effects
@: very slow
A: horns 2, retaliatory headbutt
a: no special abilities


You were in a sewer.
You visited 1 branch of the dungeon, and saw 3 of its levels.
You also visited: Sewer.

You collected 221 gold pieces.

Inventory:

Hand Weapons
 a - a +0 war axe (weapon)
 l - a +0 hammer of holy wrath
Armour
 b - a +0 scale mail (worn)
 c - a +0 buckler (worn)
 f - a +0 hat (worn)
 k - a +0 cloak (worn)
Jewellery
 e - a ring of see invisible (left hand)
Scrolls
 g - 4 scrolls of teleportation
 i - 3 scrolls of identify {unknown}
Potions
 d - a potion of might
 h - a potion of ambrosia {unknown}
 j - a potion of curing {unknown}
 m - 3 potions of enlightenment


   Skills:
 + Level 5.2 Fighting
 * Level 5.7 Axes
 + Level 5.2 Armour
 + Level 5.1 Shields


You had 5 spell levels left.
You didn't know any spells.
Your spell library contained the following spells:

 Spells                   Type           Power      Damage    Failure   Level
 Summon Small Mammal      Summ           0%         N/A       83%         1
 Call Canine Familiar     Summ           0%         N/A       99%         3
 Summon Blazeheart Golem  Fire/Summ      0%         N/A       100%        4


Dungeon Overview and Level Annotations

Branches:
Dungeon (3/15)              Sewer (1/1)

Altars:

Shops:
D:1 [


Innate Abilities, Weirdness & Mutations

You have a pair of horns on your head.
You reflexively headbutt those who attack you in melee.


Message History

The frilled lizard unfolds its giant frill.
The crocodile bites you! The crocodile drags you backwards!
Splash!
You hit the crocodile but do no damage. You miss the frilled lizard.
The frilled lizard bites you but does no damage.
The crocodile barely misses you.
Your unstable footing causes you to fumble your attack.
You block the frilled lizard's attack. You block the crocodile's attack.
The frilled lizard bites you but does no damage.
Your unstable footing causes you to fumble your attack.
The crocodile closely misses you.
The frilled lizard bites you but does no damage.
The crocodile bites you but does no damage.
Your unstable footing causes you to fumble your attack.
The frilled lizard closely misses you. The crocodile barely misses you.
You barely miss the crocodile. You slash the frilled lizard!
You kill the frilled lizard!
The crocodile closely misses you.
You barely miss the crocodile. You block the crocodile's attack.
You slash the crocodile!
The crocodile is heavily wounded.
The crocodile bites you. x2
Your unstable footing causes you to fumble your attack.
The crocodile closely misses you.
You hit the crocodile.
The crocodile is heavily wounded.
The crocodile bites you!
Your unstable footing causes you to fumble your attack.
The crocodile bites you!
You hit the crocodile.
The crocodile is severely wounded.
The crocodile bites you.
* * * LOW HITPOINT WARNING * * *
The crocodile barely misses you.
Your unstable footing causes you to fumble your attack.
The crocodile bites you!
* * * LOW HITPOINT WARNING * * *
Your unstable footing causes you to fumble your attack.
The crocodile bites you.
You die...

### ..# ≈ #.# #### ≈≈
#.# #..# ~≈≈ ~≈## #..#
~~≈≈ ††≈#### #..###~~~~≈
.~~≈≈≈########..#l~~~~~~
...~~#≈≈≈≈≈≈≈~~†@~~~~~~~
#...†#########.†#~~~~~~~
###.....~≈# #..###~~~~≈
######~~# ##.## ~~≈≈
#..###..# ≈≈≈ ##.....##
≈≈ ####### ≈


You could see a crocodile.

Vanquished Creatures
  A crocodile (Sewer)
  Crazy Yiuf (D:2)
  Terence (D:2)
  Natasha (thrice) (D:2)
  A sickly merfolk siren (Sewer)
  A malarious merfolk avatar (Sewer)
  6 adders
  4 river rats (Sewer)
  A ribbon worm (D:3)
  A dart slug (D:1)
  6 endoplasms
  4 giant cockroaches
  5 goblins
  8 hobgoblins
  7 quokkas
  10 ball pythons
  4 bats
  8 frilled lizards
  4 kobolds
  23 rats
99 creatures vanquished.

Notes
Turn   | Place    | Note
-------+----------+-------------------------------------------
     0 | D:1      | Sanktem7 the Minotaur Fighter began the quest for the Orb.
     0 | D:1      | Reached XP level 1. HP: 19/19 MP: 0/0
   101 | D:1      | Reached XP level 2. HP: 22/23 MP: 1/1
   296 | D:1      | Found Beagodeu's Armour Emporium.
   936 | D:2      | Noticed Natasha
   942 | D:2      | Reached XP level 3. HP: 29/32 MP: 2/2
   942 | D:2      | Killed Natasha
   983 | D:2      | Reached XP level 4. HP: 40/40 MP: 3/3
  1086 | D:2      | Noticed Natasha
  1092 | D:2      | Killed Natasha
  1115 | D:2      | Found a runed translucent door.
  1116 | D:2      | Noticed Crazy Yiuf
  1262 | D:2      | Noticed Terence
  1271 | D:2      | Killed Terence
  1367 | D:2      | Noticed Natasha
  1374 | D:2      | Killed Natasha
  1375 | D:2      | Reached XP level 5. HP: 43/47 MP: 4/4
  1856 | D:2      | Killed Crazy Yiuf
  2240 | D:3      | Found a glowing drain.
  2264 | Sewer    | Entered a sewer
  2391 | Sewer    | Reached skill level 5 in Axes
  2396 | Sewer    | Reached XP level 6. HP: 31/55 MP: 5/5
  2548 | Sewer    | Reached skill level 5 in Fighting
  2548 | Sewer    | Reached skill level 5 in Armour
  2548 | Sewer    | Reached skill level 5 in Shields
  2762 | Sewer    | Slain by a crocodile

Illustrated notes

Levels and vault maps discovered:
D:1:      lightli_arrival_chessboard, layout_basic, serial_shops, shop,
          minmay_misc_feat_square, minmay_misc_feat_rows
D:2:      layout_basic, uniq_natasha, uniq_crazy_yiuf_cottage, uniq_terence
D:3:      layout_loops_corners, gammafunk_temple_overflow_pools,
          gup_sewer_entry_bubbles
Sewer:    sewer_sea

Skill      XL: |  1  2  3  4  5  6 |
---------------+-------------------+-----
Axes           | 3 4 5 |  5.7
Shields        | 4 5 |  5.1
Fighting       | 4 5 |  5.2
Armour         | 4 5 |  5.2

Action                     |  1- 3 |  4- 6 || total
---------------------------+-------+-------++-------
  Melee: War axe           |    52 |   163 ||   215
         Headbutt          |     5 |    12 ||    17
 Armour: Scale mail        |    34 |   119 ||   153
  Dodge: Dodged            |    29 |    93 ||   122
  Block: Buckler           |     9 |    43 ||    52
